 Dungeon Crawl Stone Soup version 0.26-a0-712-ga5a9c9c9d0 (webtiles) character file.

Game seed: 2221466878165349886

133 tilp the Sneak (level 4, -5/21 HPs)
             Began as a Spriggan Enchanter on Nov 9, 2020.
             Slain by a gnoll
             ... wielding a +0 club
              (6 damage)
             ... on level 3 of the Dungeon.
             The game lasted 00:05:02 (4344 turns).

tilp the Sneak (Spriggan Enchanter)                 Turns: 4344, Time: 00:05:03

Health: -5/21      AC:  2    Str:  4    XL:     4   Next: 94%
Magic:  5/9        EV: 18    Int: 17    God:
Gold:   177        SH:  0    Dex: 16    Spells: 2/8 levels left

rFire    . . .     SeeInvis +   a - +1 dagger
rCold    . . .     Faith    .   (shield restricted)
rNeg     . . .     Spirit   .   b - +0 robe
rPois    .         Reflect  .   (helmet restricted)
rElec    .         Harm     .   (no cloak)
rCorr    .         Rampage  .   (gloves unavailable)
MR       .....                  (boots unavailable)
Stlth    ++++......             (no amulet)
HPRegen  0.07/turn              (no ring)
MPRegen  0.11/turn              (no ring)

@: very slightly contaminated, very quick
A: very small, unfitting armour, see invisible, speed 3
a: no special abilities


You were on level 3 of the Dungeon.
You visited 1 branch of the dungeon, and saw 3 of its levels.

You collected 177 gold pieces.

Inventory:

Hand Weapons
 a - a +1 dagger (weapon)
Missiles
 d - 6 curare-tipped darts (quivered)
 k - 25 poisoned darts
Armour
 b - a +0 robe (worn)
Scrolls
 e - 2 scrolls of noise {unknown}
 i - a scroll of magic mapping {unknown}
 j - a scroll of remove curse {unknown}
Potions
 c - a potion of stabbing {unknown}
 f - 3 potions of lignification {unknown}
 g - 3 potions of flight {unknown}
 h - a potion of resistance {unknown}


   Skills:
 + Level 3.7 Short Blades
 - Level 3.0 Dodging
 + Level 7.0 Stealth
 - Level 2.6 Spellcasting
 - Level 3.6 Hexes


You had 2 spell levels left.
You knew the following spells:

 Your Spells              Type           Power        Failure   Level
a - Corona                Hex            ##.....      4%          1
b - Ensorcelled Hibernat  Hex/Ice        #.....       13%         2
c - Confusing Touch       Hex            ##......     12%         3

Your spell library contained the following spells:

 Spells                   Type           Power        Failure   Level
 Tukima's Dance           Hex            ##......     12%         3
 Dazzling Flash           Conj/Hex       #.....       26%         3


Dungeon Overview and Level Annotations

Branches:
Dungeon (3/15)

Altars:


Innate Abilities, Weirdness & Mutations

You are very small and have problems with some larger weapons.
You are too small for most types of armour.
You have supernaturally acute eyesight. (SInv)
You cover ground extremely quickly.


Message History

The gnoll barely misses you.
Casting: Ensorcelled Hibernation (safe; 13% risk of failure)
Confirm with . or Enter, or press ? or * to list all spells.
Aiming: Ensorcelled Hibernation (safe; 13% risk of failure)
Press: ? - help, Shift-Dir - straight line, f - gnoll
Aim: a gnoll, wielding a +0 club (chance to defeat MR: 49%)
You miscast Ensorcelled Hibernation.
You are very lightly contaminated with residual magic.
Nothing appears to happen.
The gnoll hits you with a +0 club!
Casting: Ensorcelled Hibernation (safe; 13% risk of failure)
Confirm with . or Enter, or press ? or * to list all spells.
Aiming: Ensorcelled Hibernation (safe; 13% risk of failure)
Press: ? - help, Shift-Dir - straight line, f/p - gnoll
Aim: a gnoll, wielding a +0 club (chance to defeat MR: 49%)
The gnoll resists with some effort.
The gnoll hits you from afar with a +0 halberd!
Ouch! That really hurt!
* * * LOW HITPOINT WARNING * * *
The gnoll barely misses you. The gnoll hits you with a +0 club.
You die...

#.#...........<.....
##.#...........)#.###
#.........#.###'#+###
#.......>............
##.#.####.#........##
#.#.# #.#........#
#.#.####.#........#
#g#<..............#
#gg@...#.#........##
######.#.#..........
#.#.#..........
#.#.###.[.... #.#.#
#...... ..#.# #......
###.# #...... #.#
#.##### #.# #.#


You could see 3 gnolls.

Vanquished Creatures
  Robin (D:3)
  4 adders
  2 oozes
  3 worms (D:2)
  A dart slug (D:1)
  3 leopard geckos
  2 giant cockroaches
  9 goblins
  4 hobgoblins
  16 jackals
  2 quokkas (D:2)
  4 bats
  4 frilled lizards
  4 kobolds
  2 rats
61 creatures vanquished.

Notes
Turn   | Place    | Note
-------+----------+-------------------------------------------
     0 | D:1      | tilp the Spriggan Enchanter began the quest for the Orb.
     0 | D:1      | Reached XP level 1. HP: 9/9 MP: 5/5
   496 | D:1      | Reached skill level 5 in Stealth
   496 | D:1      | Reached XP level 2. HP: 8/13 MP: 6/6
   500 | D:1      | Learned a level 2 spell: Ensorcelled Hibernation
  2133 | D:1      | Reached XP level 3. HP: 16/16 MP: 8/8
  2144 | D:1      | Learned a level 3 spell: Confusing Touch
  2421 | D:2      | Reached skill level 6 in Stealth
  2678 | D:2      | Reached XP level 4. HP: 13/21 MP: 4/9
  3801 | D:3      | Noticed Robin
  3838 | D:3      | Killed Robin
  4254 | D:3      | Reached skill level 7 in Stealth
  4344 | D:3      | HP: 1/21 [gnoll/+0 halberd (13)]
  4344 | D:3      | Slain by a gnoll

Illustrated notes

Levels and vault maps discovered:
D:1:      shiori_shiawase, layout_basic
D:2:      layout_loops_ring, grunt_ministairs_5
D:3:      layout_basic, uniq_robin

Skill      XL: |  1  2  3  4 |
---------------+-------------+-----
Stealth        | 5 6 7 |  7.0
Short Blades   | 2 3 |  3.7
Dodging        | |  3.0
Spellcasting   | |  2.6
Hexes          | |  3.6

Action                   |  1- 3 |  4- 6 || total
-------------------------+-------+-------++-------
Melee: Dagger            |    95 |    84 ||   179
 Cast: Corona            |     1 |       ||     1
       Ensorcelled Hiber |    27 |    25 ||    52
 Stab: Sleeping          |    23 |    17 ||    40
Armor: Robe              |     9 |     4 ||    13
Dodge: Dodged            |    62 |    67 ||   129

Table legend: (Time is in decaauts)
 A = Elapsed time spent in this place.
 B = Non-inter-level travel time spent in this place.
 C = Inter-level travel time spent in this place.
 D = Time resting spent in this place.
 E = Time spent auto-exploring this place.
 F = Levels seen in this place.
 G = Mean time per level.
                   A        B        C        D        E       F      G
               +--------+--------+--------+--------+--------+-----+--------+
         Total |   3547 |   3447 |    100 |   1970 |    965 |   3 | 1182.3 |
       Dungeon |   3547 |   3447 |    100 |   1970 |    965 |   3 | 1182.3 |
               +--------+--------+--------+--------+--------+-----+--------+

Top non-repeatable levels by time:
     D:1: 1805 daAuts
     D:2: 1357 daAuts
     D:3: 384 daAuts
